 Dungeon Crawl Stone Soup version bcrawl-1.19.1 (webtiles) character file.

Game seed: 1622368897297468057

67 Niddhogr the Stinger (level 4, -2/30 HPs)
             Began as a Demonspawn Venom Mage on Dec 1, 2019.
             Slain by a goblin
             ... wielding a +0 dagger
             ... led by Robin
              (4 damage)
             ... on level 2 of the Dungeon.
             The game lasted 00:05:30 (1625 turns).

Niddhogr the Stinger (Demonspawn Venom Mage)        Turns: 1625, Time: 00:05:31

Health: -2/30      AC:  3    Str:  8    XL:     4   Next: 0%
Magic:  2/7        EV: 12    Int: 17    God:
Gold:   118        SH:  0    Dex: 16    Spells: 4/7 levels left

rFire    . . .     SeeInvis .   r - +1 dagger (freeze)
rCold    . . .     Gourm    .   (no shield)
rNeg     . . .     Faith    .   a - +0 robe
rPois    .         Spirit   .   (no helmet)
rElec    .         Reflect  .   (no cloak)
rCorr    .         Harm     .   (no gloves)
MR       .....                  b - +0 pair of boots
Stlth    +++.......             R - amulet of regeneration
HPRegen  0.50/turn              (no ring)
MPRegen  0.10/turn              (no ring)

@: lethally poisoned (-2 -> -2)
A: thin skeletal structure 1, rot immunity
a: no special abilities


You were on level 2 of the Dungeon.
You were very hungry.

You visited 1 branch of the dungeon, and saw 2 of its levels.

You collected 118 gold pieces.

Inventory:

Hand Weapons
 g - a +0 spear
 i - a +0 dagger
 n - a +0 mace
 r - a +1 dagger of freezing (weapon)
Missiles
 k - 162 poisoned needles
Armour
 a - a +0 robe (worn)
 b - a +0 pair of boots (worn)
Jewellery
 R - an amulet of regeneration (around neck)
Scrolls
 e - a scroll of enchant armour {unknown}
 h - a scroll of magic mapping {unknown}
 j - 4 scrolls of amnesia {unknown}
 l - a scroll of fear {unknown}
 m - a scroll of identify {unknown}
 o - a scroll of teleportation {unknown}
 q - a scroll of enchant weapon {unknown}
Potions
 c - a potion of berserk rage {!q}
 d - a potion of degeneration {!q}
Comestibles
 f - a ration {!d}
 p - 5 chunks of flesh


   Skills:
 - Level 1.7 Dodging
 - Level 2.0 Stealth
 - Level 2.0 Spellcasting
 - Level 1.0 Conjurations
 + Level 4.9 Poison Magic


You had 4 spell levels left.
You knew the following spells:

 Your Spells              Type           Power        Failure   Level  Hunger
a - Sting                 Conj/Pois      ##..         6%          1    #......
b - Poisonous Vapours     Pois/Air       ##....       11%         2    ###....

Your spell library contained the following spells:

 Spells                   Type           Power        Failure   Level  Hunger
 Olgreb's Toxic Radiance  Pois           ###.....     26%         4    #####..
 Ignite Poison            Fire/Tmut/Pois #.......     30%         3    ###....
 Summon Scorpions         Summ/Pois      ##......     56%         4    #####..
 Venom Bolt               Conj/Pois      ##........   85%         5    ######.


Dungeon Overview and Level Annotations

Branches:
Dungeon (2/12)

Altars:

Annotations:
D:2 Robin


Innate Abilities, Weirdness & Mutations

You have a somewhat thin skeletal structure. (Dex +2, Stealth)
You are immune to rotting.


Message History

You feel sick. The goblin completely misses you.
The goblin hits you with a +0 dagger.
* * * LOW HITPOINT WARNING * * *
The goblin closely misses you. x2
You take 7 damage, and have 10/30 hp.
MASSIVE DAMAGE!!
The goblin no longer looks unusually strong.
The goblin barely misses you. The goblin closely misses you.
The goblin no longer looks unusually strong.
The goblin hits you.
* * * LOW HITPOINT WARNING * * *
The goblin hits you with a +0 dagger.
* * * LOW HITPOINT WARNING * * *
Robin roars a battlecry!
The goblins go into a battle-frenzy!
You take 2 damage, and have 8/30 hp.
You feel sick. The goblin hits you.
* * * LOW HITPOINT WARNING * * *
The goblin hits you with a +0 dagger.
You die...

##### ##### #... .#
....#########.#### #.#
.........g..g....# #.#
...........#####g# #.#
.##.##.....# #g# #.#
.#.........# #g# #.#
.#..#......# #@###.######
....#.#....#####g#.†..[...#
...................#)####.#
.......#..##......##÷# #
.#.###.........##.##.# #8##
.#.........######.##.######8...8
.#####.##..# #.##.....##.....
.......##..# #.##[###.#>.....
...........# #.##.# ####.....


You could see Robin and 3 goblins.

Levels and vault maps discovered:
D:1:      matt_arrival_grand_opening, layout_loops_cross, serial_glass,
          glass_columns_b, glass_columns_c, glass_columns_c, glass_columns_a,
          glass_columns_b, glass_columns_c, glass_columns_a, glass_columns_a,
          kennysheep_decorative_pillar, nrook_uturn, st_stairs_13,
          chequers_serial_rivers_marsh, minmay_misc_feat_x,
          minmay_misc_feat_plants, chequers_serial_rivers_micro_b
D:2:      layout_loops_ring, lemuel_doored_altar,
          nicolae_overflow_hidden_temple, minmay_pentomino_u2, uniq_robin

Notes
Turn   | Place    | Note
-------+----------+-------------------------------------------
     0 | D:1      | Niddhogr the Demonspawn Venom Mage began the quest for the
                  | Orb.
     0 | D:1      | Reached XP level 1. HP: 13/13 MP: 3/3
    10 | D:1      | Identified a +0 pair of boots (You found it on level 1 of
                  | the Dungeon)
   277 | D:1      | Identified a +0 dagger (You found it on level 1 of the
                  | Dungeon)
   345 | D:1      | Identified a +0 dagger
   350 | D:1      | Gained mutation: You are immune to rotting. [demonic
                  | ancestry]
   350 | D:1      | Reached XP level 2. HP: 17/19 MP: 1/5
   354 | D:1      | Learned a level 2 spell: Poisonous Vapours
   392 | D:1      | Identified a +0 club
   423 | D:1      | Identified a +0 club
   603 | D:1      | Identified a cursed +0 club
   783 | D:1      | Identified a +0 club
   907 | D:1      | Identified a +0 club
   909 | D:1      | Reached skill level 4 in Poison Magic
   925 | D:1      | Identified a +0 mace (You found it on level 1 of the
                  | Dungeon)
  1027 | D:1      | Identified a +0 spear (You found it on level 1 of the
                  | Dungeon)
  1235 | D:2      | Reached XP level 3. HP: 24/24 MP: 1/6
  1269 | D:2      | Identified a +0 dagger
  1272 | D:2      | Identified a cursed -1 club
  1282 | D:2      | Identified a +0 club
  1395 | D:2      | Identified a +0 club
  1500 | D:2      | Identified a +0 club
  1500 | D:2      | Identified a +0 club
  1500 | D:2      | Identified a +0 club
  1506 | D:2      | Identified a +1 dagger of freezing
  1507 | D:2      | Identified a +0 club
  1533 | D:2      | Identified an amulet of regeneration (You found it on level
                  | 2 of the Dungeon)
  1537 | D:2      | Identified a +1 mace of protection
  1537 | D:2      | Identified a +0 animal skin
  1537 | D:2      | Identified a +0 helmet
  1537 | D:2      | Noticed Robin
  1541 | D:2      | Identified a +0 club
  1552 | D:2      | Identified a +0 dagger
  1552 | D:2      | Identified a +0 hunting sling
  1615 | D:2      | Gained mutation: You have a somewhat thin skeletal
                  | structure. (Dex +2, Stealth) [demonic ancestry]
  1615 | D:2      | Reached XP level 4. HP: 19/30 MP: 1/7
  1625 | D:2      | HP: 7/30 [poisoned by an adder]
  1625 | D:2      | HP: 2/30 [goblin[Robin] (5)]
  1625 | D:2      | Slain by a goblin

Table legend:
 A = Turns spent in this place as a percentage of turns spent in the entire game.
 B = Non-inter-level travel turns spent in this place as a percentage of non-inter-level travel turns spent in the entire game.
 C = Inter-level travel turns spent in this place as a percentage of turns spent in this place.
 D = Turns resting spent in this place as a percentage of non-inter-level travel turns spent in this place.
 E = Turns spent auto-exploring this place as a percentage of non-inter-level travel turns spent in this place.
 F = Non-inter-level travel turns spent in this place divided by the number of levels of this place that you've seen.
                   A       B       C       D       E      F
               +-------+-------+-------+-------+-------+----------------------
         Total | 100.0 | 100.0 |   5.0 |   0.3 |  77.1 | 772.0
       Dungeon | 100.0 | 100.0 |   5.0 |   0.3 |  77.1 | 772.0
               +-------+-------+-------+-------+-------+----------------------

Table legend:
 A = Kills in this place as a percentage of kills in entire the game.
 B = Kills by you in this place as a percentage of kills by you in the entire game.
 C = Kills by friends in this place as a percentage of kills by friends in the entire game.
 D = Other kills in this place as a percentage of other kills in the entire game.
 E = Experience gained in this place as a percentage of experience gained in the entire game.
 F = Experience gained in this place divided by the number of levels of this place that you have seen.
                   A       B       C       D       E      F
               +-------+-------+-------+-------+-------+----------------------
         Total | 100.0 | 100.0 |   N/A |   N/A | 100.0 |  48.5
       Dungeon | 100.0 | 100.0 |   N/A |   N/A | 100.0 |  48.5
               +-------+-------+-------+-------+-------+----------------------

Skill      XL: |  1  2 |
---------------+-------+-----
Poison Magic   | 4 |  4.9
Dodging        | |  1.7
Stealth        | |  2.0
Spellcasting   | |  2.0
Conjurations   | |  1.0

Action                   |  1- 3 |  4- 6 || total
-------------------------+-------+-------++-------
Melee: Dagger            |    32 |       ||    32
       Unarmed           |     2 |       ||     2
       Spear             |    65 |       ||    65
 Cast: Sting             |    35 |       ||    35
       Poisonous Vapours |     4 |       ||     4
 Stab: Sleeping          |     1 |       ||     1
  Eat: Chunk             |     2 |       ||     2
Armor: Robe              |    17 |       ||    17
Dodge: Dodged            |    59 |     8 ||    67

Vanquished Creatures
  An adder (D:2)
  A worm (D:2)
  3 dart slugs
  A leopard gecko (D:1)
  3 giant cockroaches (D:1)
  10 goblins
  7 hobgoblins
  2 quokkas (D:2)
  3 bats
  A frilled lizard (D:1)
  5 kobolds
  8 rats
45 creatures vanquished.
